 Dungeon Sprint DCSS version 0.30-a0-696-g2367cd04db (webtiles) character file.

Game seed: 11454523742264759082

1869 mhtbhm the Geomancer (level 9, -2/52 HPs)
             Began as a Gargoyle Earth Elementalist on Jan 21, 2023.
             Was a Priest of Vehumet.
             Slain by a two-headed ogre
             ... wielding a +0 giant club
              (23 damage)
             ... in the Dungeon (Sprint IX: "|||||||||||||||||||||||||||||").
             The game lasted 00:03:43 (333 turns).

mhtbhm the Geomancer (Gargoyle Earth Elementalist)   Turns: 333, Time: 00:03:44

Health: -2/52      AC: 11    Str: 13    XL:     9   Next: 13%
Magic:  0/24       EV: 15    Int: 19    God:    Vehumet [***...]
Gold:   0          SH:  0    Dex: 10    Spells: 21/31 levels left

rFire   . . .      SeeInvis +    j - +16 obsidian axe {drain, demonic, Mesm Drain Fly SInv}
rCold   . . .      Faith    .    (no shield)
rNeg    + . .      Spirit   .    a - +0 robe
rPois   ∞          Reflect  .    (no helmet)
rElec   +          Harm     .    k - +0 cloak
rCorr   .          Rampage  .    (no gloves)
Will    .....      NoTele   +    (no boots)
Stlth   +++                      (no amulet)
HPRegen 0.28/turn                l - +2 ring of protection
MPRegen 0.19/turn                m - +2 ring of evasion

@: flying, mesmerised, invisible (expiring)
A: sickness immunity, AC +6, negative energy resistance 1, electricity
resistance, torment resistance 1, petrification resistance
a: Renounce Religion


You were in the Dungeon.
You worshipped Vehumet.
Vehumet was most pleased with you.
You visited 1 branch

Inventory:

Hand Weapons
 j - the +16 obsidian axe (weapon) {drain, demonic, Mesm Drain Fly SInv}
   (You found it in the Dungeon)

   Mesm:      Its wielder is mesmerised by any visible foes, and it cannot be
   unequipped while any foes are visible.
   SInv:      It lets you see invisible.
   Fly:       It grants you flight.
   Drain:     It drains your maximum health when unequipped.
Armour
 a - a +0 robe (worn)
 k - a +0 cloak (worn)
Jewellery
 l - a +2 ring of protection (left hand)
 m - a +2 ring of evasion (right hand)
Wands
 i - a wand of roots (5)
Scrolls
 g - 2 scrolls of blinking
 h - 2 scrolls of amnesia
Potions
 b - 3 potions of magic
 c - 4 potions of curing
 d - 2 potions of heal wounds


   Skills:
 + Level 3.9 Fighting
 + Level 4.0 Axes
 + Level 5.1 Dodging
 + Level 5.5 Stealth
 + Level 11.6 Spellcasting
 + Level 3.3 Conjurations
 + Level 1.1 Transmutations
 + Level 14.4 Earth Magic
 + Level 1.9 Evocations


You had 21 spell levels left.
You knew the following spells:

 Your Spells              Type           Power      Damage    Failure   Level
a - Sandblast             Erth           100%       2d20      0%          1
b - Passwall              Tmut/Erth      33%        N/A       1%          2
c - Stone Arrow           Conj/Erth      88%        3d12      1%          3
d - Petrify               Tmut/Erth      40%        N/A       2%          4

Your spell library contained the following spells:

 Spells                   Type           Power      Damage    Failure   Level
 Magic Dart               Conj           92%        1d7       1%          1


Dungeon Overview and Level Annotations

Branches:
Dungeon (1/1)

Altars:
Cheibriados
Dithmenos
Elyvilon
Fedhas
Gozag
Hepliaklqana
Kikubaaqudgha
Makhleb
Nemelex Xobeh
Okawaru
Qazlal
Ru
Sif Muna
Trog
Uskayaw
Vehumet
Wu Jian
Xom
Yredelemnul
Zin
The Shining One
Jiyva
Lugonu


Innate Abilities, Weirdness & Mutations

You are immune to sickness and miasma.
Your stone body is resilient. (AC +6)
You are immune to poison.
You resist negative energy. (rN+)
You are resistant to electric shocks. (rElec)
You are resistant to unholy torment.
You are immune to petrification.


Message History

The roots erupt in riotous growth!
The two-headed ogre is unaffected.
Roots grab the death knight.
The grasping roots constrict the two-headed ogre!
The grasping roots constrict the death knight.
The two-headed ogre struggles to escape constriction.
Unknown command.
Unknown command.
Aiming: Fastroot
Press: ? - help, Shift-Dir - straight line, f - you, p - death knight The roots erupt in riotous growth!
Your soul eater is unaffected.
The grasping roots constrict the two-headed ogre!
The grasping roots constrict the death knight!
The roots release their grip on the two-headed ogre.
The roots release their grip on the death knight.
Unknown command.
Unknown command.
Casting: Stone Arrow (safe; 1% risk of failure)
Confirm with . or Enter, or press ? or * to list all spells.
Aiming: Sandblast (safe; 0% risk of failure)
Press: ? - help, Shift-Dir - straight line, f - two-headed ogre
Aim: a two-headed ogre, wielding two +0 giant clubs (moderately wounded, mesmerising, unable to see you, ally target, 93% to hit)
The blast of sand hits the two-headed ogre!
The two-headed ogre is heavily wounded.
You flicker for a moment.
The death knight offers itself to Yredelemnul, and fills with unholy energy.
The two-headed ogre closely misses you.
The two-headed ogre hits you with a +0 giant club!!
Unknown command.
Unknown command.
Casting: Sandblast (safe; 0% risk of failure)
Confirm with . or Enter, or press ? or * to list all spells.
Aiming: Sandblast (safe; 0% risk of failure)
Press: ? - help, Shift-Dir - straight line, f/p - two-headed ogre
Aim: a two-headed ogre, wielding two +0 giant clubs (heavily wounded, mesmerising, unable to see you, ally target, 93% to hit)
The blast of sand hits the two-headed ogre!!
The two-headed ogre is almost dead.
The death knight barely misses you. The two-headed ogre barely misses you.
The two-headed ogre hits you with a +0 giant club!!
You die...

▓.▓
▓.▓
▓)▓
▓)▓
▓.▓
▓.▓
▓.▓
▓3▓
▓@▓
▓O▓
▓p▓
▓.▓
▓.▓
▓.▓
▓.▓
▓.▓


You could see a death knight (reflects damage, unable to see you), a two-headed
ogre (wandering, mesmerising, unable to see you, ally target) and a friendly
soul eater (summoned).

Vanquished Creatures
  A boulder beetle (D)
  A kobold demonologist (D)
  A troll (D)
  A slime creature (D)
  2 vampires (D)
  An orc warrior (D)
  An ogre (D)
  A killer bee (D)
  A howler monkey (D)
  A jelly (D)
  An orc priest (D)
  A hound (D)
  A dart slug (D)
  An orc (D)
  A bat (D)
  A hobgoblin (D)
  2 ball pythons (D)
  A kobold (D)
20 creatures vanquished.

Notes
Turn   | Place    | Note
-------+----------+-------------------------------------------
     0 | D        | mhtbhm the Gargoyle Earth Elementalist began the quest for
                  | the Orb.
     0 | D        | Reached XP level 1. HP: 10/10 MP: 3/3
   101 | D        | Noticed a jelly
   101 | D        | Noticed a hound
   101 | D        | Noticed an ogre
   106 | D        | Killed a jelly
   107 | D        | Reached skill level 6 in Earth Magic
   107 | D        | Reached XP level 2. HP: 10/15 MP: 1/7
   107 | D        | Reached XP level 3. HP: 13/19 MP: 1/8
   116 | D        | Reached XP level 4. HP: 16/24 MP: 0/10
   122 | D        | Learned a level 2 spell: Passwall
   126 | D        | Learned a level 3 spell: Stone Arrow
   131 | D        | Learned a level 4 spell: Petrify
   143 | D        | Killed an ogre
   144 | D        | Reached skill level 1 in Fighting
   144 | D        | Reached skill level 8 in Earth Magic
   144 | D        | Reached XP level 5. HP: 26/29 MP: 1/13
   160 | D        | Found a snail-covered altar of Cheibriados.
   160 | D        | Found a shadowy altar of Dithmenos.
   160 | D        | Found a white marble altar of Elyvilon.
   160 | D        | Found a blossoming altar of Fedhas.
   160 | D        | Found an opulent altar of Gozag.
   161 | D        | Found a hazy altar of Hepliaklqana.
   162 | D        | Found a viscous altar of Jiyva.
   163 | D        | Found an ancient bone altar of Kikubaaqudgha.
   164 | D        | Found a corrupted altar of Lugonu.
   165 | D        | Found a burning altar of Makhleb.
   166 | D        | Found a sparkling altar of Nemelex Xobeh.
   167 | D        | Found an iron altar of Okawaru.
   168 | D        | Found a stormy altar of Qazlal.
   169 | D        | Found a sacrificial altar of Ru.
   170 | D        | Found a shimmering blue altar of Sif Muna.
   171 | D        | Found a bloodstained altar of Trog.
   172 | D        | Found a hide-covered altar of Uskayaw.
   173 | D        | Found a radiant altar of Vehumet.
   174 | D        | Found an ornate altar of the Wu Jian Council.
   175 | D        | Found a shimmering altar of Xom.
   176 | D        | Found a basalt altar of Yredelemnul.
   177 | D        | Found a glowing silver altar of Zin.
   178 | D        | Found a glowing golden altar of the Shining One.
   185 | D        | Became a worshipper of Vehumet
   191 | D        | Found the +16 obsidian axe {drain, demonic, Mesm Drain Fly
                  | SInv}
   236 | D        | Noticed a vampire
   236 | D        | Noticed a troll
   236 | D        | Noticed an orc warrior
   239 | D        | Reached skill level 9 in Earth Magic
   243 | D        | Reached XP level 6. HP: 22/34 MP: 9/16
   246 | D        | Killed a vampire
   246 | D        | Reached * piety under Vehumet
   246 | D        | Offered knowledge of Magic Dart by Vehumet.
   247 | D        | Reached skill level 5 in Stealth
   247 | D        | Reached skill level 11 in Earth Magic
   250 | D        | Killed a troll
   251 | D        | Reached skill level 1 in Axes
   251 | D        | Reached skill level 1 in Transmutations
   251 | D        | Reached skill level 12 in Earth Magic
   251 | D        | Reached skill level 1 in Evocations
   251 | D        | Reached XP level 7. HP: 40/40 MP: 10/19
   255 | D        | Reached ** piety under Vehumet
   256 | D        | Reached skill level 1 in Conjurations
   308 | D        | Noticed a slime creature
   308 | D        | Noticed a boulder beetle
   308 | D        | Noticed a vampire
   308 | D        | Noticed a kobold demonologist
   308 | D        | Noticed a two-headed ogre
   308 | D        | Noticed a death knight
   311 | D        | Killed a slime creature
   312 | D        | Reached skill level 10 in Spellcasting
   312 | D        | Reached XP level 8. HP: 45/45 MP: 19/22
   318 | D        | Killed a boulder beetle
   319 | D        | Reached skill level 13 in Earth Magic
   325 | D        | Killed a vampire
   326 | D        | Reached skill level 14 in Earth Magic
   326 | D        | Noticed a hellwing
   328 | D        | Killed a kobold demonologist
   328 | D        | Reached *** piety under Vehumet
   329 | D        | Reached skill level 5 in Dodging
   329 | D        | Reached XP level 9. HP: 39/52 MP: 1/24
   333 | D        | Slain by a two-headed ogre

Illustrated notes

Levels and vault maps discovered:
D:        linesprint [early_d, line_temple, items_1, d_10, items_2, lair_1,
          lair_end, items_3, orc_1, orc_end, items_4, d_15, swamp_1, shoals_1,
          snake_1, spider_1, d_20, vaults_1, items_5, swamp_end, shoals_end,
          snake_end, spider_end, vaults_end, d_27, items_6, zot_1, zot_end,
          crypt_end, forest_end, elf_end, slime_end, tomb_end, abyss_end,
          pan_hell_end]

Skill      XL: |  1  2  3  4  5  6  7  8 |
---------------+-------------------------+-----
Spellcasting   | 4 6 7 9 10 11 | 11.6
Dodging        | 2 3 4 5 |  5.1
Stealth        | 3 4 5 |  5.5
Earth Magic    | 6 8 9 12 14 | 14.4
Fighting       | 1 2 3 |  3.9
Axes           | 1 2 4 |  4.0
Transmutations | 1 |  1.1
Evocations     | 1 |  1.9
Conjurations   | 1 3 |  3.3

Action                   |  1- 3 |  4- 6 |  7- 9 || total
-------------------------+-------+-------+-------++-------
Melee: Unarmed           |     8 |       |       ||     8
       Broad axe         |       |     5 |     5 ||    10
 Cast: Sandblast         |     9 |    10 |     5 ||    24
       Stone Arrow       |       |     1 |    14 ||    15
Evoke: Wand              |       |     2 |     3 ||     5
  Use: Potion            |     1 |     3 |     3 ||     7
Armor: Robe              |     2 |     7 |     4 ||    13
Dodge: Dodged            |    18 |    12 |    16 ||    46

Table legend: (Time is in decaauts)
 A = Elapsed time spent in this place.
 B = Non-inter-level travel time spent in this place.
 C = Inter-level travel time spent in this place.
 D = Time resting spent in this place.
 E = Time spent auto-exploring this place.
 F = Levels seen in this place.
 G = Mean time per level.
                   A        B        C        D        E       F      G
               +--------+--------+--------+--------+--------+-----+--------+
         Total |    336 |    336 |      0 |    138 |      3 |   1 |  336.0 |
       Dungeon |    336 |    336 |      0 |    138 |      3 |   1 |  336.0 |
               +--------+--------+--------+--------+--------+-----+--------+

Top non-repeatable levels by time:
       D: 336 daAuts
